Map: Arctic Dream LE

Players

Massa - Winner!

  • Race: Terran Terran
  • League: Platinum
  • Spawn Location: 11:00

qqq - Winner!

  • Race: Zerg Zerg
  • League: Platinum
  • Spawn Location: 12:00

OhLawdDatAss

  • Race: Zerg Zerg
  • Spawn Location: 5:00

FiatalVoltam

  • Race: Terran Terran
  • League: Diamond
  • Spawn Location: 6:00

VOD

Have the link to the VOD?

Description

Time

  • Played on: Jan. 25, 2021, 3:03 p.m.
  • Length: 5:18
Show
View Real Time Build Order
Export as new Build Order

Massa Terran - Winner!

Build Orders: 2 Factory, Hellion Opening 

Get SALT Encoding   

  12  0:00  SCV  
  13  0:13  SCV  
  14  0:17  Supply Depot  
  14  0:25  SCV  
  15  0:35  Refinery  
  15  0:39  SCV  
  16  0:44  Barracks  
  16  0:51  SCV  
  17  0:59  Refinery  
  17  1:03  SCV  
  18  1:15  SCV  
  19  1:30  Orbital Command  
  19  1:34  Factory  
  19  1:39  Reaper  
  20  1:51  Supply Depot  
  20  1:56  SCV  
  21  2:03  Factory  
  21  2:10  SCV  
  22  2:17  Barracks Tech Lab, Hellion  
  22  2:22  SCV  
  25  2:34  SCV  
  26  2:44  Barracks Reactor  
  26  2:48  Marine  
  26  2:50  Factory Reactor  
  27  2:52  Hellion  
  27  2:53  Infernal Pre-Igniter  
  29  3:22  Hellion  
  31  3:31  Supply Depot  
  31  3:34  Hellion x2  
  35  3:44  Hellion, Command Center  
  37  3:56  Hellion  
  37  3:59  Hellion  
  41  4:05  Hellion  
  43  4:10  Starport  
  43  4:27  SCV  
  46  4:31  Hellion  
  46  4:38  Supply Depot  
  46  4:56  Hellion x2  
Show
View Real Time Build Order
Export as new Build Order

qqq Zerg - Winner!

Build Orders: Hatch First 

Get SALT Encoding   

  12  0:00  Drone  
  13  0:08  Drone  
  14  0:18  Overlord  
  14  0:45  Hatchery  
  14  0:49  Drone  
  14  0:52  Drone  
  15  0:59  Drone  
  16  1:06  Drone  
  17  1:28  Spawning Pool  
  17  1:29  Extractor  
  15  1:34  Drone x3  
  18  1:50  Drone  
  19  2:00  Drone  
  20  2:06  Extractor  
  20  2:11  Extractor  
  20  2:16  Extractor  
  20  2:21  Drone x2  
  20  2:22  Queen  
  24  2:23  Queen  
  24  2:24  Drone x2  
  28  2:37  Overlord  
  28  2:41  Overlord  
  28  2:42  Overlord  
  28  2:45  Extractor  
  28  2:46  Metabolic Boost  
  28  2:48  Drone  
  28  2:55  Zergling x2  
  28  2:56  Drone  
  30  2:58  Drone  
  30  3:04  Zergling x2  
  32  3:12  Drone  
  33  3:13  Zergling x2  
  34  3:21  Zergling x2  
  34  3:23  Zergling x2  
  36  3:31  Zergling x2  
  36  3:32  Zergling x4  
  36  3:33  Overlord  
  39  3:36  Zergling x2  
  39  3:38  Hatchery  
  39  4:02  Zergling x4  
  41  4:03  Zergling x6, Overlord  
  41  4:04  Zergling x2  
  41  4:09  Zergling x4  
  47  4:11  Lair  
  47  4:12  Zergling x4  
  47  4:13  Overlord  
  49  4:29  Zergling x2  
  49  4:30  Zergling x2, Overlord  
  51  4:39  Zergling x2  
  51  4:40  Zergling x2  
  52  4:57  Zergling x4  
  52  4:58  Zergling x4  
  53  5:01  Zergling x2  
Show
View Real Time Build Order
Export as new Build Order

OhLawdDatAss Zerg 

Build Orders: Hatch First 

Get SALT Encoding   

  12  0:00  Drone  
  13  0:14  Overlord  
  13  0:16  Drone  
  14  0:33  Drone x2  
  16  0:54  Drone  
  16  0:55  Hatchery  
  16  0:56  Drone  
  17  0:59  Drone  
  18  1:15  Spawning Pool  
  18  1:16  Extractor  
  16  1:20  Drone x2  
  18  1:30  Drone  
  19  1:48  Drone  
  20  2:04  Queen  
  20  2:08  Hatchery, Queen  
  23  2:09  Zergling x2  
  23  2:11  Zergling x2  
  23  2:15  Drone  
  26  2:21  Metabolic Boost  
  26  2:26  Drone  
  26  2:28  Drone  
  28  2:41  Overlord  
  28  3:01  Drone x6  
  34  3:11  Roach Warren  
  33  3:15  Drone x2  
  35  3:20  Baneling Nest  
  35  3:22  Drone x3  
  35  3:23  Drone  
  38  3:34  Drone x3  
  41  3:42  Zergling x2  
  41  3:47  Overlord  
  42  3:48  Overlord  
  42  3:49  Overlord  
  42  4:03  Overlord  
  42  4:05  Baneling x3, Queen  
  44  4:19  Lair  
  44  4:20  Drone  
  44  4:23  Drone x5  
  50  4:24  Queen  
  50  4:28  Drone x3  
  54  4:49  Roach x3  
  59  4:55  Zergling x2  
  59  4:59  Zergling x2  
Show
View Real Time Build Order
Export as new Build Order

FiatalVoltam Terran 

Build Orders:  

Get SALT Encoding   

  12  0:00  SCV  
  13  0:12  SCV  
  14  0:20  Supply Depot  
  14  0:24  SCV  
  15  0:29  Refinery  
  15  0:41  SCV  
  16  0:51  Barracks  
  16  0:54  SCV  
  17  1:06  SCV  
  18  1:18  SCV  
  19  1:30  SCV  
  21  1:40  Reaper  
  21  1:43  Orbital Command  
  21  1:49  Command Center  
  21  2:09  Supply Depot  
  21  2:11  SCV  
  22  2:21  Barracks Reactor  
  22  2:29  SCV  
  23  2:41  SCV  
  24  2:53  SCV  
  25  3:08  SCV  
  26  3:24  SCV  
  26  3:25  Orbital Command  
  27  3:36  SCV  
  27  3:37  Factory  
  27  3:39  Command Center  
  27  3:40  Refinery  
  28  3:42  Marine x2  
  28  3:48  SCV  
  31  4:01  SCV  
  31  4:02  SCV  
  32  4:13  SCV  
  35  4:20  Factory  
  33  4:32  Refinery  
  33  4:33  Barracks Tech Lab  
  33  4:35  SCV x2  
  33  4:36  Engineering Bay  
  35  4:44  Widow Mine x2  
  39  4:47  SCV  
  39  4:48  SCV  
  39  4:49  Armory  
  41  4:58  Barracks Tech Lab  
  41  4:59  Factory  
Tags
 
Add a new tag
Caveats
  • Supply blocks, unpowered buildings, or Contaminate may cause inaccurate times.
  • Supply counts are checked every 10 seconds.